 Dungeon Crawl Stone Soup version 0.19.0-9-gfd783f2 (webtiles) character file.

326 Jerry the Shield-Bearer (level 6, -5/47 HPs)
             Began as a Formicid Fighter on Nov 7, 2016.
             Slain by an orc priest
             ... wielding a +0 flail
              (6 damage)
             ... on level 4 of the Dungeon.
             The game lasted 00:11:12 (3754 turns).

Jerry the Shield-Bearer (Formicid Fighter)          Turns: 3754, Time: 00:11:13

Health: -5/47      AC:  9    Str: 21    XL:     6   Next: 78%
Magic:  6/6        EV:  9    Int:  7    God:
Gold:   98         SH:  0    Dex: 12    Spells: 0 memorised, 5 levels left

rFire  . . .     SeeInvis +     a - +0 quarterstaff
rCold  + . .     Gourm    .     d - +2 scale mail {rC+}
rNeg   . . .     Faith    .     (no shield)
rPois  .         Spirit   .     (helmet unavailable)
rElec  .         Reflect  .     (no cloak)
rCorr  .         Harm     .     (no gloves)
MR     .....                    (no boots)
Stlth  +.........               (no amulet)
                                h - ring of stealth
                                (no ring)

@: no status effects
A: permanent stasis, dig shafts and tunnels, four strong arms, antennae 3
a: Dig, Shaft Self


You were on level 4 of the Dungeon.
You were hungry.

You visited 1 branch of the dungeon, and saw 4 of its levels.

You collected 98 gold pieces.

Inventory:

Hand Weapons
 a - a +0 quarterstaff (weapon)
Missiles
 s - a throwing net (quivered)
Armour
 c - a +0 shield
 d - a +2 scale mail of cold resistance (worn)
Jewellery
 h - a ring of stealth (right hand)
Wands
 v - a wand of slowing (48/48)
Potions
 e - a potion of heal wounds {unknown}
 k - 3 potions of curing {unknown}
 m - a potion of agility {unknown}
 p - a potion of mutation {unknown}
 r - a potion of berserk rage {unknown}
 u - a potion of magic {unknown}
Books
 n - a book of Misfortune

   Spells                             Type                      Level
   a - Confusing Touch                Hexes                        1
   b - Confuse                        Hexes                        3
   c - Gell's Gravitas                Hexes/Translocation          3
   d - Petrify                        Transmutation/Earth          4
   e - Metabolic Englaciation         Hexes/Ice                    5
   f - Yara's Violent Unravelling     Hexes/Transmutation          5
Comestibles
 f - 2 bread rations
 l - 2 meat rations
 w - 2 fruits
 x - 2 chunks of flesh


   Skills:
 - Level 3.2 Fighting
 + Level 4.0 Staves
 + Level 5.0 Armour
 + Level 5.9 Shields


You had 5 spell levels left.
You didn't know any spells.

Dungeon Overview and Level Annotations

Branches:
Dungeon (4/15)
 Temple: D:4-7

Altars:
Trog


Innate Abilities, Weirdness & Mutations

You are under a permanent stasis effect.
You can dig through walls and to a lower floor.
Your four strong arms can wield two-handed weapons with a shield.
You have a pair of large antennae on your head. (SInv)


Message History

The leopard gecko bites you but does no damage.
The orc wizard closely misses you.
The orc priest hits you but does no damage.
The orc hits you with a falchion.
* * * LOW HITPOINT WARNING * * *
The orc wizard closely misses you. The leopard gecko closely misses you.
Are you sure you want to shaft yourself?
You are feeling hungry.
The orc hits you but does no damage.
The orc wizard casts a spell.
The orc priest closely misses you.
The leopard gecko hisses menacingly.
The leopard gecko bites you but does no damage.
You begin to dig a shaft.
You continue digging a shaft.
The orc hits you with a falchion.
* * * LOW HITPOINT WARNING * * *
The orc wizard hits you but does no damage.
The leopard gecko bites you but does no damage.
The orc priest hits you with a flail.
You die...

#.#############
##....oo.......#
.....Zl@.......#
.#....o######..#
#.#...........#
#...#######.#
#### #.# #.# #.#
#.# { #.# #.#


You could see an orc priest, an orc wizard, an orc, a leopard gecko and a hound
skeleton.

Vanquished Creatures
  2 orc priests (D:3)
  2 orc wizards
  Jessica (D:2)
  A worker ant (D:3)
  The ghost of Andry07 the Skirmisher, a weakling MfSk (D:3)
  5 adders
  A dart slug (D:1)
  4 worms
  3 leopard geckos
  5 orcs
  A ball python (D:1)
  6 giant cockroaches
  10 goblins
  4 hobgoblins
  8 jackals
  2 quokkas (D:2)
  6 bats
  4 frilled lizards
  9 kobolds
  9 rats
84 creatures vanquished.

Notes
Turn   | Place    | Note
-------+----------+-------------------------------------------
     0 | D:1      | Jerry the Formicid Fighter began the quest for the Orb.
     0 | D:1      | Reached XP level 1. HP: 18/18 MP: 1/1
   246 | D:1      | Reached XP level 2. HP: 21/24 MP: 2/2
   445 | D:1      | Reached XP level 3. HP: 27/29 MP: 3/3
  1464 | D:2      | Reached XP level 4. HP: 33/35 MP: 4/4
  2065 | D:2      | Noticed Jessica
  2068 | D:2      | Killed Jessica
  2068 | D:2      | Reached skill level 5 in Shields
  2068 | D:2      | Reached XP level 5. HP: 40/41 MP: 5/5
  2189 | D:2      | Found a faded altar of an unknown god.
  2362 | D:2      | Found a bloodstained altar of Trog.
  2869 | D:3      | Noticed Andry07's ghost (weakling MfSk)
  2894 | D:3      | Killed Andry07's ghost
  3080 | D:3      | Reached XP level 6. HP: 42/47 MP: 6/6
  3503 | D:3      | Reached skill level 5 in Armour
  3754 | D:4      | HP: 1/47 [orc/falchion (4)]
  3754 | D:4      | Slain by an orc priest

Skill      XL: |  1  2  3  4  5  6 |
---------------+-------------------+-----
Shields        | 4 5 |  5.9
Armour         | 4 5 |  5.0
Staves         | 3 4 |  4.0
Fighting       | |  3.2

Action                   |  1- 3 |  4- 6 || total
-------------------------+-------+-------++-------
Melee: Quarterstaff      |    82 |   202 ||   284
 Abil: Shaft Self        |       |     1 ||     1
  Use: Potion            |       |     1 ||     1
       Scroll            |       |     5 ||     5
  Eat: Chunk             |     2 |     7 ||     9
Armor: Scale mail        |    48 |   127 ||   175
Dodge: Dodged            |    38 |   133 ||   171
